 Dungeon Crawl Stone Soup version 0.29.1-1-gd02db6906a (webtiles) character file.

Game seed: 11920394373537760932

7332 Demigod47 the Basher (level 10, -2/82 (86) HPs)
             Began as a Minotaur Fighter on Oct 9, 2022.
             Was an Elder of Okawaru.
             Slain by a kobold demonologist
             ... wielding a +0 dagger of draining
              (4 damage)
             ... while paralysed
             ... on level 9 of the Dungeon.
             The game lasted 00:28:58 (11105 turns).

Demigod47 the Basher (Minotaur Fighter)            Turns: 11105, Time: 00:28:58

HP:   -2/82 (86)    AC: 17    Str: 24    XL:     10   Next: 90%
MP:   9/9           EV:  2    Int: -5 (5) God:    Okawaru [****..]
Gold: 612           SH:  0    Dex: 17    Spells: 9/9 levels left

rFire   . . .      SeeInvis .   C - +3 flail (flame)
rCold   . . .      Faith    .   c - +0 buckler
rNeg    . . .      Spirit   .   E - +1 plate armour
rPois   .          Reflect  +   (helmet restricted)
rElec   .          Harm     .   (no cloak)
rCorr   .          Rampage  .   (no gloves)
Will    +....                   (no boots)
Stlth   ..........              l - amulet of reflection
HPRegen 0.23/turn               g - ring of flight
MPRegen 0.11/turn               r - +6 ring of dexterity

@: paralysed, flying, slowed, lost intelligence, lightly drained, unable to read
A: horns 2, retaliatory headbutt, iridescent scales 1, strong-willed 1, wild
magic 1, MP-powered wands
a: Renounce Religion, Heroism, Finesse


You were on level 9 of the Dungeon.
You worshipped Okawaru.
Okawaru was greatly pleased with you.
You visited 2 branches of the dungeon, and saw 10 of its levels.
You also visited: Ossuary.

You collected 612 gold pieces.

Inventory:

Hand Weapons
 a - a +0 flail of chaos
 i - a +1 flail of draining
 C - a +3 flail of flaming (weapon)
 D - a +2 vorpal mace
 K - a +3 flail
Armour
 b - a +0 scale mail
 c - a +0 buckler (worn)
 E - a +1 plate armour (worn)
Jewellery
 g - a ring of flight (left hand)
 l - an amulet of reflection (around neck)
 n - an amulet of magic regeneration
 r - a +6 ring of dexterity (right hand)
 v - a +6 ring of intelligence
Wands
 d - a wand of polymorph (5)
 m - a wand of flame (25)
 G - a wand of paralysis (6)
 J - a wand of quicksilver (4)
Scrolls
 f - 5 scrolls of teleportation
 h - a scroll of immolation
 o - a scroll of summoning
 p - 4 scrolls of enchant weapon
 u - a scroll of fog
 w - a scroll of fear
 A - a scroll of amnesia
Potions
 e - 6 potions of curing
 j - a potion of ambrosia
 k - a potion of cancellation
 q - a potion of brilliance
 s - 4 potions of flight
 x - 3 potions of mutation


   Skills:
 + Level 7.6 Fighting
 * Level 14.0 Maces & Flails
 + Level 8.9 Armour
 + Level 4.4 Dodging
 + Level 2.2 Stealth
 + Level 8.8 Shields


You had 9 spell levels left.
You didn't know any spells.
Your spell library contained the following spells:

 Spells                   Type           Power      Damage    Failure   Level
 Magic Dart               Conj           0%         1d3       100%        1
 Shock                    Conj/Air       0%         1d3       100%        1
 Searing Ray              Conj           0%         2d4       100%        2
 Static Discharge         Conj/Air       0%         3-3/arc   100%        2
 Fulminant Prism          Conj/Hex       0%         3d6       100%        4
 Alistair's Intoxication  Tmut/Pois      0%         N/A       100%        5
 Borgnjor's Vile Clutch   Necr/Erth      0%         N/A       100%        5
 Eringya's Noxious Bog    Tmut/Pois      0%         N/A       100%        6
 Chain Lightning          Conj/Air       0%         N/A       100%        9
 Fire Storm               Conj/Fire      0%         5d1       100%        9
 Shatter                  Erth           0%         3d5*      100%        9
 Summon Small Mammal      Summ           Unusable   N/A       N/A         1
 Call Canine Familiar     Summ           Unusable   N/A       N/A         3
 Summon Guardian Golem    Hex/Summ       Unusable   N/A       N/A         3
 Haunt                    Necr/Summ      Unusable   N/A       N/A         7

Dungeon Overview and Level Annotations

Branches:
Dungeon (9/15)             Temple (1/1) D:4         Ossuary (visited)
   Lair: D:8-11         Orc: D:9-12

Altars:
Ashenzari
Dithmenos
Elyvilon
Fedhas
Gozag
Hepliaklqana
Kikubaaqudgha
Makhleb
Nemelex Xobeh
Okawaru
Qazlal
Ru
Sif Muna
Trog
Uskayaw
Vehumet
Wu Jian
Xom
Yredelemnul
The Shining One

Shops:
D:1 =


Innate Abilities, Weirdness & Mutations

You have a pair of horns on your head.
You reflexively headbutt those who attack you in melee.
You are partially covered in iridescent scales. (AC +2)
You are strong-willed. (Will+)
Your spells are a little harder to cast, but a little more powerful.
You expend magic power (3 MP) to strengthen your wands.


Message History

The kobold demonologist barely misses you.
The kobold demonologist hits you but does no damage.
You feel drained.
You barely miss the kobold demonologist.
You headbutt the kobold demonologist!
The kobold demonologist is moderately wounded.
The neqoxec gestures at you.
You feel dopey. Something feeds on your intellect!
The iron imp grinds its teeth.
You block the hellwing's attack. The hellwing completely misses you.
You hit the kobold demonologist. You burn the kobold demonologist.
Your headbutt misses the kobold demonologist.
The kobold demonologist is heavily wounded.
The kobold demonologist hits you but does no damage.
You feel drained.
The kobold demonologist looks braver for a moment.
The neqoxec gestures at you.
You feel dopey.
You have lost your intelligence.
Something feeds on your intellect! The hellwing hits you.
The hellwing hits you but does no damage.
The kobold demonologist hits you with a +0 war axe!
* * * LOW HITPOINT WARNING * * *
The kobold demonologist hits you with a +0 dagger of draining.
* * * LOW HITPOINT WARNING * * *
You feel drained.
* * * LOW HITPOINT WARNING * * *
The neqoxec gestures at you.
You feel dopey. Something feeds on your intellect!
The hellwing hits you but does no damage. x2
The kobold demonologist hits you but does no damage.
The kobold demonologist looks satisfied for a moment.
The hellwing hits you!
* * * LOW HITPOINT WARNING * * *
The hellwing hits you but does no damage.
The kobold demonologist mumbles some strange words.
The kobold demonologist hits you with a +0 dagger of draining.
You die...

##..#*[..#*,.....................
.#(.##...#*,.....................
..#......#*,.........)).......#.#
#...5##..#*,..........)..........
###.K#*...#*..........).......#.#
#..o.##.#..##.....#...........#..
#.#...#.##.#**####............###
.....§..##.# ##43#........<.###
...##...##.# #@K##...........##
...###..##.# #K##..#########..#
..§# #..K5.# ##3#..## #..#
..)###§..33####KKK.#####*****####
..3K§.....§5§.)K555.....,,,.#####
..5####.....3K..5......?,,,......
...###.....§3......<....,,,^.....
...##.............######***######
............).....#


You could see a soul eater (summoned), a hellwing (summoned), 2 kobold
demonologists, a neqoxec (summoned), a kobold brigand, an iron imp (summoned), a
quasit (summoned), an ufetubus (summoned) and 3 kobolds.

Vanquished Creatures
  2 two-headed ogres
  Pikel (D:6)
  Maurice (D:8)
  A shadow (D:9)
  A steam dragon (D:8)
  Menkaure (D:5)
  Edmund (D:4)
  Duvessa (D:5)
  3 water moccasins
  2 orc warriors (D:7)
  5 ogres
  3 centaurs (D:7)
  2 phantoms
  An elf zombie (Ossuary)
  3 kobold brigands
  Blork the orc (D:6)
  5 bullfrogs
  2 necrophages
  2 gnoll sergeants
  5 wights (D:9)
  Dowan (D:5)
  18 killer bees
  2 howler monkeys (D:8)
  2 centaur zombies (Ossuary)
  3 jellies
  6 hounds
  2 gnoll boudas (D:7)
  6 orc priests
  Ijyb (D:5)
  A human zombie (Ossuary)
  Terence (D:2)
  5 iguanas
  Natasha (thrice) (D:3)
  5 orc wizards
  2 mummies (Ossuary)
  16 gnolls
  8 adders
  A shadow imp (D:6)
  A white imp (D:7)
  2 adder zombies (Ossuary)
  A worm (D:3)
  2 dart slugs
  28 orcs
  2 bats (D:1)
  10 endoplasms
  7 giant cockroaches
  7 goblins
  7 hobgoblins
  4 jackals (D:3)
  2 quokkas (D:3)
  6 ball pythons
  3 frilled lizards (D:2)
  2 goblin zombies (Ossuary)
  5 hobgoblin zombies (Ossuary)
  2 jackal zombies (Ossuary)
  9 kobolds
  10 kobold zombies (Ossuary)
  12 orc zombies (Ossuary)
  4 rats
252 creatures vanquished.

Vanquished Creatures (others)
  A kobold brigand (D:6)
  2 kobolds (D:6)
  9 fungi
  15 plants
27 creatures vanquished.

Grand Total: 279 creatures vanquished

Notes
Turn   | Place    | Note
-------+----------+-------------------------------------------
     0 | D:1      | Demigod47 the Minotaur Fighter began the quest for the Orb.
     0 | D:1      | Reached XP level 1. HP: 19/19 MP: 0/0
   195 | D:1      | Found Eseumuv's Jewellery Shoppe.
   271 | D:1      | Reached XP level 2. HP: 27/27 MP: 1/1
   945 | D:2      | Reached XP level 3. HP: 33/33 MP: 2/2
   959 | D:2      | Noticed Terence
   963 | D:2      | Killed Terence
   964 | D:2      | Reached skill level 3 in Maces & Flails
  1111 | D:2      | Found a faded altar of an unknown god.
  1225 | D:2      | Reached XP level 4. HP: 37/40 MP: 3/3
  1299 | D:2      | Reached skill level 1 in Dodging
  1336 | D:2      | Identified the +3 leather armour of Saskeucae {+Blink Fly
                  | rElec}
  2009 | D:3      | Noticed Natasha
  2017 | D:3      | Killed Natasha
  2018 | D:3      | Reached skill level 4 in Maces & Flails
  2038 | D:3      | Noticed Natasha
  2102 | D:3      | Killed Natasha
  2103 | D:3      | Reached XP level 5. HP: 40/46 MP: 4/4
  2452 | D:3      | Noticed Natasha
  2458 | D:3      | Killed Natasha
  2519 | D:3      | Gained mutation: You are partially covered in iridescent
                  | scales. (AC +2) [potion of mutation]
  2519 | D:3      | Gained mutation: Your spells are a little harder to cast,
                  | but a little more powerful. [potion of mutation]
  2519 | D:3      | Gained mutation: You have an increased reservoir of magic.
                  | (+10% MP) [potion of mutation]
  2519 | D:3      | Gained mutation: You are agile. (Dex +4, Str/Int -1)
                  | [potion of mutation]
  2640 | D:4      | Noticed Edmund
  2658 | D:4      | Killed Edmund
  2659 | D:4      | Reached skill level 5 in Maces & Flails
  2659 | D:4      | Reached skill level 5 in Armour
  2659 | D:4      | Reached XP level 6. HP: 53/53 MP: 5/5
  3108 | D:4      | Reached skill level 6 in Maces & Flails
  3152 | D:4      | Found a staircase to the Ecumenical Temple.
  3162 | D:4      | Reached XP level 7. HP: 60/60 MP: 6/6
  3164 | Temple   | Entered the Ecumenical Temple
  3290 | Temple   | Became a worshipper of Warmaster Okawaru
  3872 | D:5      | Entered Level 5 of the Dungeon
  3882 | D:5      | Found a sand-covered staircase.
  3882 | D:5      | Noticed Ijyb
  3893 | D:5      | Killed Ijyb
  3894 | D:5      | Reached skill level 5 in Shields
  3898 | Ossuary  | Entered an ossuary
  4176 | Ossuary  | Reached skill level 7 in Maces & Flails
  4366 | D:5      | Reached * piety under Okawaru
  4367 | D:5      | Reached skill level 8 in Maces & Flails
  4535 | D:5      | Reached XP level 8. HP: 56/67 MP: 7/7
  4660 | D:5      | Noticed Duvessa
  4670 | D:5      | Killed Duvessa
  4671 | D:5      | Noticed Dowan
  4682 | D:5      | Killed Dowan
  4687 | D:5      | Reached skill level 5 in Fighting
  4687 | D:5      | Reached skill level 9 in Maces & Flails
  4863 | D:5      | Noticed Menkaure
  4871 | D:5      | Killed Menkaure
  5692 | D:6      | Noticed Pikel
  5723 | D:6      | Killed Pikel
  5723 | D:6      | Reached ** piety under Okawaru
  5724 | D:6      | Reached skill level 10 in Maces & Flails
  5724 | D:6      | Reached skill level 1 in Stealth
  5724 | D:6      | Reached XP level 9. HP: 38/74 MP: 6/8
  6038 | D:6      | Reached skill level 11 in Maces & Flails
  6283 | D:6      | Lost mutation: You are agile. (Dex +4, Str/Int -1) [potion
                  | of mutation]
  6283 | D:6      | Lost mutation: Your spells are a little harder to cast, but
                  | a little more powerful. [potion of mutation]
  6283 | D:6      | Lost mutation: You are partially covered in iridescent
                  | scales. (AC +2) [potion of mutation]
  6283 | D:6      | Gained mutation: You are weak. (Str -2) [potion of
                  | mutation]
  6283 | D:6      | Gained mutation: You are somewhat resistant to further
                  | mutation. [potion of mutation]
  6284 | D:6      | Lost mutation: You are somewhat resistant to further
                  | mutation. [potion of mutation]
  6284 | D:6      | Lost mutation: You have an increased reservoir of magic.
                  | (+10% MP) [potion of mutation]
  6284 | D:6      | Lost mutation: You are weak. (Str -2) [potion of mutation]
  6284 | D:6      | Gained mutation: You expend magic power (3 MP) to
                  | strengthen your wands. [potion of mutation]
  6284 | D:6      | Gained mutation: You are strong-willed. (Will+) [potion of
                  | mutation]
  6284 | D:6      | Gained mutation: You are partially covered in iridescent
                  | scales. (AC +2) [potion of mutation]
  6284 | D:6      | Gained mutation: Your spells are a little harder to cast,
                  | but a little more powerful. [potion of mutation]
  6422 | D:6      | Got Puiju Vekk's Incunabulum of the Macabre Tempest
  6633 | D:6      | Noticed Blork the orc
  6650 | D:6      | Killed Blork the orc
  6827 | D:7      | Reached *** piety under Okawaru
  7109 | D:7      | Reached skill level 12 in Maces & Flails
  7111 | D:7      | HP: 1/78 [gnoll/+0 halberd[a gnoll bouda] (8)]
  7762 | D:7      | Reached XP level 10. HP: 58/84 MP: 9/9
  8541 | D:8      | Noticed a two-headed ogre
  8553 | D:8      | Killed a two-headed ogre
  8553 | D:8      | Reached **** piety under Okawaru
  9488 | D:8      | Noticed Maurice
  9493 | D:8      | Reached skill level 13 in Maces & Flails
  9516 | D:8      | Killed Maurice
 10808 | D:9      | Noticed a two-headed ogre
 10819 | D:9      | Killed a two-headed ogre
 11049 | D:9      | Noticed a smoke demon
 11050 | D:9      | Noticed a sixfirhy
 11088 | D:9      | Noticed a soul eater
 11090 | D:9      | Reached skill level 14 in Maces & Flails
 11102 | D:9      | Lost intelligence.
 11105 | D:9      | HP: 2/82 [hellwing[a kobold demonologist] (12)]
 11105 | D:9      | Slain by a kobold demonologist

Illustrated notes

Levels and vault maps discovered:
D:1:      dpeg_arrival_refuge, layout_loops_ring, serial_shops,
          nicolae_square_shop, minmay_hexomino_c4
D:2:      layout_loops_ring, shapermc_ecumenical_altar_acropolis, uniq_terence
D:3:      layout_basic, minmay_crystal_water, uniq_natasha
D:4:      nicolae_BIG_FREAKIN_CUBE, layout_loops_ring,
          minmay_temple_entry_mini_moons, guppyfry_early_lair_pool, uniq_edmund
D:5:      layout_rooms, enter_ossuary_2, uniq_duvessa, uniq_menkaure, uniq_ijyb
D:6:      layout_gridville, uniq_pikel, uniq_blork_the_orc
D:7:      kennysheep_seaside_town, layout_basic, st_stairs_4,
          chequers_serial_rivers_micro_c
D:8:      layout_basic, uniq_maurice
D:9:      layout_rooms
Temple:   mainiacjoe_temple_cubbyholes

Skill      XL: |  1  2  3  4  5  6  7  8  9 10 |
---------------+-------------------------------+-----
Fighting       | 4 5 6 7 |  7.6
Armour         | 4 5 6 7 8 |  8.9
Shields        | 4 5 6 7 8 |  8.8
Maces & Flails | 3 4 5 6 8 10 12 14 | 14.0
Dodging        | 1 2 4 |  4.4
Stealth        | 1 2 |  2.2

Action                   |  1- 3 |  4- 6 |  7- 9 | 10-12 || total
-------------------------+-------+-------+-------+-------++-------
Melee: Flail             |    65 |   110 |   334 |   160 ||   669
       Headbutt          |     7 |    15 |    74 |    28 ||   124
Invok: Heroism           |       |       |     2 |     2 ||     4
  Use: Scroll            |     6 |     3 |     1 |    10 ||    20
       Potion            |     4 |     2 |    10 |     4 ||    20
 Stab: Confused          |       |     2 |       |       ||     2
Armor: Scale mail        |    31 |    30 |    96 |       ||   157
       Plate armour      |       |       |     7 |   103 ||   110
Dodge: Dodged            |    25 |    52 |   105 |    82 ||   264
Block: Buckler           |    17 |    52 |   172 |   145 ||   386
       Reflection        |       |       |    13 |     8 ||    21
